 Dungeon Crawl Stone Soup version 0.26-a0-661-g406de6ba63 (webtiles) character file.

Game seed: 6939454366368278211

807 DogServant the Digger (level 8, -5/62 HPs)
             Began as a Formicid Earth Elementalist on Oct 9, 2020.
             Slain by Edmund
             ... wielding a +4 dire flail of protection
              (7 damage)
             ... on level 4 of the Dungeon.
             The game lasted 00:08:10 (4892 turns).

DogServant the Digger (Formicid Earth Elementalist) Turns: 4892, Time: 00:08:11

Health: -5/62      AC:  3    Str: 12    XL:     8   Next: 14%
Magic:  2/12       EV: 12    Int: 18    God:
Gold:   237        SH:  0    Dex: 11    Spells: 9/13 levels left

rFire    . . .     SeeInvis +   p - +2 spear (vorpal)
rCold    . . .     Faith    .   (no shield)
rNeg     . . .     Spirit   .   c - +0 robe
rPois    .         Reflect  .   (helmet unavailable)
rElec    .         Harm     .   t - +0 cloak {MR+}
rCorr    .         Rampage  .   (no gloves)
MR       +....                  (no boots)
Stlth    ++........             (no amulet)
HPRegen  0.20/turn              (no ring)
MPRegen  0.13/turn              (no ring)

@: mighty, stab
A: permanent stasis, dig shafts and tunnels, four strong arms, antennae 3
a: Dig, Shaft Self


You were on level 4 of the Dungeon.
You visited 1 branch of the dungeon, and saw 4 of its levels.

You collected 237 gold pieces.

Inventory:

Hand Weapons
 f - a +0 short sword
 p - a +2 vorpal spear (weapon)
Missiles
 b - 68 stones (quivered)
Armour
 c - a +0 robe (worn)
 j - a +0 cloak
 n - a +0 ring mail
 t - a +0 cloak of magic resistance (worn)
Wands
 l - a wand of digging (5)
Scrolls
 a - a scroll of noise {unknown}
 e - 4 scrolls of teleportation {unknown}
 h - 5 scrolls of identify {unknown}
 m - 2 scrolls of enchant armour {unknown}
 s - a scroll of fog {unknown}
 u - 2 scrolls of remove curse {unknown}
 w - a scroll of fear {unknown}
Potions
 d - a potion of brilliance
 o - 2 potions of might
 q - a potion of stabbing
 v - a potion of ambrosia {unknown}


   Skills:
 + Level 5.1 Fighting
 - Level 1.7 Dodging
 - Level 2.4 Stealth
 - Level 3.2 Spellcasting
 + Level 3.7 Conjurations
   Level 1.1 Transmutations
 + Level 7.0 Earth Magic


You had 9 spell levels left.
You knew the following spells:

 Your Spells              Type           Power        Failure   Level
a - Sandblast             Erth           ####..       1%          1
b - Stone Arrow           Conj/Erth      ###...       5%          3

Your spell library contained the following spells:

 Spells                   Type           Power        Failure   Level
 Passwall                 Tmut/Erth      ###.....     4%          2
 Beastly Appendage        Tmut           #.....       11%         1
 Wereblood                Tmut           #.......     16%         2
 Lee's Rapid Deconstruct  Erth           ####......   26%         5
 Petrify                  Tmut/Erth      ###.....     30%         4
 Spider Form              Tmut/Pois      #.........   36%         3
 Ice Form                 Ice/Tmut       #.......     77%         4
 Blade Hands              Tmut           #.........   96%         5


Dungeon Overview and Level Annotations

Branches:
Dungeon (4/15)
 Temple: D:4-7

Altars:
Fedhas
Okawaru
Ru
Sif Muna

Annotations:
D:4 Edmund, Pikel


Innate Abilities, Weirdness & Mutations

You cannot be hasted, slowed, berserked, paralysed or teleported.
You can dig through walls and to a lower floor.
Your four strong arms can wield two-handed weapons with a shield.
You have a pair of large antennae on your head. (SInv)


Message History

Edmund hits you with a +4 dire flail of protection!
* * * LOW HITPOINT WARNING * * *
It was a potion of curing.
You feel better.
Edmund hits you with a +4 dire flail of protection!
* * * LOW HITPOINT WARNING * * *
It was a potion of berserk rage.
Your stasis prevents you from going berserk.
Edmund hits you but does no damage.
You feel better. Edmund barely misses you.
It was a potion of might.
You feel very mighty all of a sudden.
Edmund hits you with a +4 dire flail of protection!
* * * LOW HITPOINT WARNING * * *
It was a potion of stabbing.
You feel ready to backstab. Edmund closely misses you.
It was a potion of haste.
Your stasis prevents you from being hasted.
Edmund hits you with a +4 dire flail of protection!
You die...

###### ### ##########..... ..#
#.. .........#..... ....+ #..
.........#..... #....# #..
.........#..... #....# #..
#...####+#.....######....# #..
#...####.###...@@........# #..
...........#.............# #..
...........#.............# #..
.......÷...#.............# #..
...........#.......†.....##+#####
###..#######...........>.#....#..
###..###.##############'##....#..
.....'....#.........#.........#..
...).#....#.........#.........#..


You could see Edmund.

Vanquished Creatures
  Grinder (D:3)
  2 ogres
  A scorpion (D:4)
  Crazy Yiuf (D:2)
  A hound (D:4)
  An iguana (D:4)
  An orc wizard (D:4)
  3 worker ants (D:4)
  A hound skeleton (D:4)
  2 gnolls (D:1)
  A howler monkey skeleton (D:4)
  6 adders
  3 worms
  2 dart slugs
  A leopard gecko (D:4)
  5 orcs
  9 bats
  6 giant cockroaches
  13 goblins
  7 hobgoblins
  4 jackals (D:3)
  10 kobolds
  4 quokkas
  3 ball pythons
  5 frilled lizards
  A quokka skeleton (D:4)
  5 rats
99 creatures vanquished.

Notes
Turn   | Place    | Note
-------+----------+-------------------------------------------
     0 | D:1      | DogServant the Formicid Earth Elementalist began the quest
                  | for the Orb.
     0 | D:1      | Reached XP level 1. HP: 13/13 MP: 3/3
   188 | D:1      | Reached XP level 2. HP: 20/20 MP: 1/5
   198 | D:1      | Reached skill level 1 in Fighting
   456 | D:1      | Reached skill level 4 in Earth Magic
   456 | D:1      | Reached XP level 3. HP: 26/26 MP: 3/6
  1187 | D:1      | Reached XP level 4. HP: 30/33 MP: 8/8
  1966 | D:2      | Learned a level 3 spell: Stone Arrow
  2365 | D:2      | Found a runed translucent door.
  2366 | D:2      | Noticed Crazy Yiuf
  2668 | D:2      | Killed Crazy Yiuf
  2668 | D:2      | Reached XP level 5. HP: 39/39 MP: 6/9
  2757 | D:3      | Noticed an ogre
  2767 | D:3      | Killed an ogre
  2767 | D:3      | Reached skill level 1 in Conjurations
  2767 | D:3      | Reached skill level 5 in Earth Magic
  2767 | D:3      | Reached XP level 6. HP: 46/47 MP: 6/10
  3257 | D:3      | Found an iron altar of Okawaru.
  3433 | D:3      | Found a shimmering blue altar of Sif Muna.
  3495 | D:4      | Noticed Pikel
  3495 | D:4      | Noticed Grinder
  3510 | D:3      | Killed Grinder
  3510 | D:3      | Reached skill level 6 in Earth Magic
  3510 | D:3      | Reached XP level 7. HP: 43/54 MP: 4/11
  3646 | D:4      | Found a blossoming altar of Fedhas.
  4006 | D:4      | Found a sacrificial altar of Ru.
  4410 | D:4      | Reached XP level 8. HP: 52/61 MP: 10/12
  4697 | D:4      | Reached skill level 5 in Fighting
  4870 | D:4      | Noticed Edmund
  4877 | D:4      | Reached skill level 7 in Earth Magic
  4886 | D:4      | HP: 3/62 [Edmund/+4 dire flail of protection (7)]
  4890 | D:4      | HP: 1/62 [Edmund/+4 dire flail of protection (7)]
  4892 | D:4      | Slain by Edmund

Illustrated notes

Levels and vault maps discovered:
D:1:      psy_arrival_fountain, layout_loops_ring, dk_noncrumbling_3,
          nrook_mini_backslash
D:2:      layout_loops_ring, uniq_crazy_yiuf_cottage
D:3:      layout_rooms, lemuel_blue_sif_altar, okawaru_trees_2
D:4:      layout_gridville, nicolae_ru_great_annihilating_truth, fedhas_altar_2,
          uniq_pikel, uniq_grinder, uniq_edmund

Skill      XL: |  1  2  3  4  5  6  7  8 |
---------------+-------------------------+-----
Fighting       | 1 2 3 4 5 |  5.1
Earth Magic    | 4 5 6 7 |  7.0
Spellcasting   | 3 |  3.2
Conjurations   | 1 2 3 |  3.7
Dodging        | |  1.7
Stealth        | |  2.4
Transmutations | |  1.1

Action                   |  1- 3 |  4- 6 |  7- 9 || total
-------------------------+-------+-------+-------++-------
Melee: Unarmed           |     4 |       |       ||     4
       Short sword       |    48 |    61 |       ||   109
       Spear             |       |    72 |    68 ||   140
 Cast: Sandblast         |    17 |    33 |    29 ||    79
       Stone Arrow       |       |       |     3 ||     3
  Use: Potion            |       |       |     8 ||     8
 Stab: Sleeping          |     5 |     1 |     2 ||     8
       Distracted        |       |       |     1 ||     1
Armor: Robe              |    11 |    34 |    10 ||    55
Dodge: Dodged            |    40 |    80 |    39 ||   159

Table legend: (Time is in decaauts)
 A = Elapsed time spent in this place.
 B = Non-inter-level travel time spent in this place.
 C = Inter-level travel time spent in this place.
 D = Time resting spent in this place.
 E = Time spent auto-exploring this place.
 F = Levels seen in this place.
 G = Mean time per level.
                   A        B        C        D        E       F      G
               +--------+--------+--------+--------+--------+-----+--------+
         Total |   4916 |   4757 |    159 |     93 |   3888 |   4 | 1229.0 |
       Dungeon |   4916 |   4757 |    159 |     93 |   3888 |   4 | 1229.0 |
               +--------+--------+--------+--------+--------+-----+--------+

Top non-repeatable levels by time:
     D:1: 1411 daAuts
     D:2: 1356 daAuts
     D:4: 1326 daAuts
     D:3: 822 daAuts
